 Dungeon Crawl Stone Soup version 0.18.1-47-g9310371 (webtiles) character file.

750 Jerry the Chiller (level 7, 46/46 HPs)
             Began as a Vampire Ice Elementalist on June 16, 2016.
             Quit the game in the Ecumenical Temple.
             The game lasted 00:33:05 (5940 turns).

Jerry the Chiller (Vampire Ice Elementalist)        Turns: 5940, Time: 00:33:06

Health: 46/46      AC:  3    Str:  7    XL:     7   Next: 48%
Magic:  10/10      EV: 12    Int: 19    God:
Gold:   183        SH:  0    Dex: 15    Spells: 3 memorised, 4 levels left

rFire  . . .     SeeInvis +     q - +0 spear (pierce)
rCold  + . .     Gourm    .     a - +0 robe
rNeg   + + .     Faith    .     (no shield)
rPois  +         Spirit   .     (no helmet)
rElec  .         Dismiss  .     (no cloak)
rCorr  .         Reflect  .     k - +0 pair of gloves
SustAt +         Harm     .     (no boots)
MR     .....                    h - amulet of magic regeneration
Stlth  +++.......               j - ring of sustain attributes
                                (no ring)

@: regenerating slowly, not resistant to hostile enchantments, fairly stealthy
A: fangs 3, see invisible, unbreathing
a: Bat Form


You were in the Ecumenical Temple.
You were very thirsty.

You visited 2 branches of the dungeon, and saw 6 of its levels.

You collected 183 gold pieces.

Inventory:

Hand Weapons
 o - a +2 short sword of speed
 q - a +0 spear of piercing (weapon)
Armour
 a - a +0 robe (worn)
 k - a +0 pair of gloves (worn)
Jewellery
 h - an amulet of magic regeneration (around neck)
 j - a ring of sustain attributes (right hand)
Scrolls
 f - 3 scrolls of enchant armour {unknown}
 i - 2 scrolls of remove curse
 m - 2 scrolls of immolation
 n - 2 scrolls of blinking {unknown}
 p - 2 scrolls of identify
 r - a scroll of fog {unknown}
Potions
 c - 6 potions of blood
 d - 4 potions of curing
 e - a potion of cancellation {unknown}
 g - a potion of agility {unknown}
 l - a potion of heal wounds {unknown}
Books
 b - a book of Frost

   Spells                             Type                      Level
   a - Freeze                         Ice                          1
   b - Throw Frost                    Conjuration/Ice              2
   c - Ozocubu's Armour               Charms/Ice                   3
   d - Throw Icicle                   Conjuration/Ice              4
   e - Summon Ice Beast               Ice/Summoning                4


   Skills:
 - Level 2.1 Dodging
 - Level 3.0 Stealth
 - Level 2.5 Spellcasting
 - Level 0.6 Conjurations
 + Level 4.7 Summonings
 - Level 7.1 Ice Magic


You had 4 spell levels left.
You knew the following spells:

 Your Spells              Type           Power        Failure   Level  Hunger
a - Freeze                Ice            ####         1%          1    #......
b - Throw Frost           Conj/Ice       ###...       6%          2    ##.....
c - Summon Ice Beast      Ice/Summ       ####....     14%         4    #####..


Dungeon Overview and Level Annotations

Branches:
Dungeon (5/15)             Temple (1/1) D:5

Altars:
Cheibriados
Elyvilon
Kikubaaqudgha
Makhleb
Okawaru
Pakellas
Qazlal
Sif Muna
Vehumet
Xom
Yredelemnul
The Shining One

Shops:
D:4 *


Innate Abilities, Weirdness & Mutations

You heal slowly.
You have razor-sharp teeth.
You have supernaturally acute eyesight.
You can survive without breathing.


Message History

You climb downwards.
Welcome to the Ecumenical Temple!
There is a staircase back to the Dungeon here.
Found a burning altar of Makhleb.
Found an ancient bone altar of Kikubaaqudgha.
Found a basalt altar of Yredelemnul.
Found a shimmering altar of Xom.
Found an iron altar of Okawaru.
Found a radiant altar of Vehumet.
Done exploring.
Key pressed, stopping explore.
Done exploring.
Done exploring.
(D) Dungeon (T) Temple
Where to? (Enter - D:5, ? - help)
Okay, then.
Search for what [Enter for "."]? .
There is a staircase back to the Dungeon here.
There is an ancient bone altar of Kikubaaqudgha here.
You kneel at the altar of Kikubaaqudgha.
Are you sure you want to abandon this character and quit the game? (Confirm with "yes".)

### ##.## ##...##
##.._..# ##.......
########## ##......##
#........# #.....####
##..@...## #....#####
##......###....#....
##......###........
###......###......
######........<...
##.######.........#
##.....######.......
##................#..
##..._.........#####..


There were no monsters in sight!

Vanquished Creatures
  A giant frog (D:3)
  A scorpion (D:4)
  A howler monkey (D:4)
  2 hounds (D:4)
  An orc wizard (D:4)
  A centaur skeleton (D:4)
  An iguana (D:3)
  3 worker ants
  Ijyb (D:3)
  Natasha (D:2)
  A worker ant zombie (D:5)
  2 gnolls (D:4)
  10 adders
  2 worms (D:3)
  2 dart slugs (D:1)
  2 giant geckos
  4 orcs (D:4)
  4 giant cockroaches
  4 goblins
  10 hobgoblins
  2 quokkas (D:4)
  3 bats
  6 giant newts
  10 kobolds
  9 rats
84 creatures vanquished.

Vanquished Creatures (collateral kills)
  A giant frog (D:5)
  A centaur zombie (D:5)
  A giant frog zombie (D:5)
  A hound (D:5)
  A centaur skeleton (D:4)
  A giant frog skeleton (D:5)
  2 gnolls (D:4)
  2 worms (D:4)
  A giant gecko (D:5)
  A giant cockroach (D:5)
  A ball python zombie (D:5)
13 creatures vanquished.

Grand Total: 97 creatures vanquished

Notes
Turn   | Place    | Note
--------------------------------------------------------------
     0 | D:1      | Jerry the Vampire Ice Elementalist began the quest for the Orb.
     0 | D:1      | Reached XP level 1. HP: 13/13 MP: 3/3
   217 | D:1      | Reached XP level 2. HP: 15/19 MP: 1/5
   221 | D:1      | Learned a level 2 spell: Throw Frost
  1203 | D:2      | Found an oddly glowing altar of Pakellas.
  1279 | D:2      | Found a glowing golden altar of the Shining One.
  1399 | D:2      | Reached XP level 3. HP: 24/24 MP: 4/6
  1470 | D:2      | Reached skill level 4 in Ice Magic
  1893 | D:2      | Noticed Natasha
  1901 | D:2      | Killed Natasha
  1901 | D:2      | Reached XP level 4. HP: 18/30 MP: 3/7
  2287 | D:3      | Found a snail-covered altar of Cheibriados.
  2446 | D:3      | Noticed Ijyb
  2453 | D:3      | Killed Ijyb
  2453 | D:3      | Reached skill level 5 in Ice Magic
  2818 | D:3      | Reached XP level 5. HP: 32/35 MP: 8/8
  2968 | D:3      | Found a white marble altar of Elyvilon.
  2969 | D:3      | Found a deep blue altar of Sif Muna.
  3032 | D:3      | Reached skill level 6 in Ice Magic
  3312 | D:3      | Learned a level 4 spell: Summon Ice Beast
  3762 | D:4      | Found Veotzi's General Store.
  3786 | D:4      | Found a stormy altar of Qazlal.
  3808 | D:4      | Reached XP level 6. HP: 30/41 MP: 6/9
  3837 | D:4      | Reached skill level 1 in Summonings
  4370 | D:4      | Reached skill level 7 in Ice Magic
  4549 | D:4      | Reached XP level 7. HP: 46/46 MP: 4/10
  4951 | D:5      | Entered Level 5 of the Dungeon
  5820 | D:5      | Found a staircase to the Ecumenical Temple.
  5829 | Temple   | Entered the Ecumenical Temple
  5940 | Temple   | Quit the game

Skill      XL: |  1  2  3  4  5  6  7 |
---------------+----------------------+-----
Ice Magic      | 4 5 6 7 |  7.1
Summonings     | 2 4 |  4.7
Dodging        | |  2.1
Stealth        | |  3.0
Spellcasting   | |  2.5
Conjurations   | |  0.6

Action                   |  1- 3 |  4- 6 |  7- 9 || total
-------------------------+-------+-------+-------++-------
Melee: Unarmed           |     9 |       |       ||     9
       Bite              |     3 |     1 |     1 ||     5
       Dagger            |    13 |    26 |       ||    39
       Spear             |       |       |    23 ||    23
       Short sword       |       |       |     7 ||     7
 Cast: Freeze            |    19 |    40 |     9 ||    68
       Throw Frost       |    19 |    54 |     8 ||    81
       Summon Ice Beast  |       |     1 |     6 ||     7
 Abil: End Transformatio |       |       |     1 ||     1
       Bat Form          |       |       |     1 ||     1
  Use: Scroll            |     7 |       |       ||     7
       Potion            |       |     1 |     2 ||     3
 Stab: Sleeping          |     3 |     3 |       ||     6
  Eat: Corpse            |     1 |     5 |     1 ||     7
Armor: Robe              |     2 |     5 |     7 ||    14
       Leather armour    |     2 |       |       ||     2
Dodge: Dodged            |    20 |    36 |    15 ||    71
